Cogmind - Beta 13 @@@ ROGUE MODE // 2024.06.03 @ 20:59:33 Player: Some Pennies Result: Destroyed by as-78310 with Assembled Blade Performance ------------- Evolutions (0) 0 Regions Visited (2) 400 Robots Destroyed (17) 85 Value Destroyed (365) 365 Prototype IDs (4) 80 Alien Tech Used (0) 0 Bonus (0) 0 TOTAL SCORE: 930 Bonus ------- None Cogmind --------- Core Integrity 0/250 Matter 290/300 Energy 250/250 System Corruption 0% Temperature Cool (0) Movement Treading (240) Ox1 Location -10/Mines Parts ------- > --- POWER (1) -------- Ion Engine > --- PROPULSION (2) --- Light Treads > --- UTILITY (2) ------ Heat Sink Large Storage Unit > --- WEAPON (2) ------- Particle Gun Rocket Launcher > --- INVENTORY (15) --- Light Nuclear Core Flight Unit Medium Storage Unit Structural Scanner Improved Terrain Scanner Seismic Detector ECM Suite Hacking Suite EM Pulse Gun Medium Laser Particle Gun Assault Rifle Hammer Peak State ------------ > --- POWER ------------ Ion Engine > --- PROPULSION ------- Light Treads Light Treads > --- UTILITY ---------- Large Storage Unit Improved Terrain Scanner > --- WEAPON ----------- Particle Gun Assault Rifle > --- INVENTORY -------- Light Nuclear Core Flight Unit Medium Storage Unit Structural Scanner Seismic Detector ECM Suite Hacking Suite EM Pulse Gun Medium Laser Mining Laser [Rating: 11] Favorites ----------- Power Ion Engine Engine Ion Engine Propulsion Light Treads Treads Light Treads Wheel Wheel Utility Large Storage Unit Device Heat Sink Storage Large Storage Unit Weapon Particle Gun Energy Gun Particle Gun Ballistic Gun Assault Rifle Launcher Rocket Launcher Build | -11 -10 -10 ------- Run | Yrd Mat Min Slots Evolved . | . . . Power . | . . . Propulsion . | . . . Utility . | . . . Weapon . | . . . Parts Attached 20 | 7 12 1 Power 2 | 1 1 . Engine 2 | 1 1 . Core . | . . . Reactor . | . . . Propulsion 4 | 2 2 . Treads 3 | 1 2 . Leg . | . . . Wheel 1 | 1 . . Hover . | . . . Flight . | . . . Utility 6 | 2 4 . Device 3 | 1 2 . Storage 3 | 1 2 . Processor . | . . . Hackware . | . . . Protection . | . . . Artifact . | . . . Weapon 8 | 2 5 1 Energy Gun 5 | 2 3 . Energy Cannon . | . . . Ballistic Gun 2 | . 2 . Ballistic Cannon . | . . . Launcher 1 | . . 1 Special Weapon . | . . . Impact Weapon . | . . . Slashing Weapon . | . . . Piercing Weapon . | . . . Special Melee Weapon . | . . . Unidentified Prototypes . | . . . Parts Lost 5 | . 4 1 Power 1 | . 1 . Propulsion 2 | . 1 1 Utility . | . . . Weapon 2 | . 2 . Highest Loss Streak 4 | . 4 1 To Critical Strikes . | . . . Average Slot Usage (%) 99 | . 99 99 Engine 14 | . 14 14 Treads 26 | . 26 27 Wheel 1 | . 1 . Device 13 | . 13 14 Storage 14 | . 14 14 Energy Gun 25 | . 23 28 Ballistic Gun 2 | . 3 . Naked Turns . | . . . Heaviest Build 33 | 12 32 33 Greatest Support 40 | 10 40 40 Greatest Overweight (x) 1 | 1 1 1 Average Overweight (x) . | . . . Largest Inventory Capacity 15 | 8 15 15 Average Capacity 14 | 7 14 15 Most Carried 13 | 6 13 13 Average Carried 10 | 2 9 12 Final Capacity 15 | 8 15 15 Final Carried 13 | 5 12 13 Class Distribution -------------------- 51% | Scavenger-Mutant 48% | Mutant Dominant Class ---------------- Mutant | -10/Materials Scavenger-Mutant | -10/Mines Resources | -11 -10 -10 ----------- Run | Yrd Mat Min Matter Collected 541 | 270 271 . Remotely . | . . . Salvage Created 639 | 38 566 35 Parts 39 | 5 30 4 Haulers Intercepted 2 | . 2 . Recyclers Shooed 4 | 2 2 . Parts Field Recycled . | . . . Retrieved Matter . | . . . Parts Self-Destructed . | . . . Prevented . | . . . Kills | -11 -10 -10 ------- Run | Yrd Mat Min Combat Hostiles Destroyed 8 | . 8 . Guns 7 | . 7 . Classes Destroyed 6 | 1 5 . Builder 2 | . 1 1 Tunneler 3 | 2 . 1 Hauler 2 | . 2 . Recycler 1 | . 1 . Operator 1 | . 1 . Grunt 8 | . 8 . Best Kill Streak 4 | 2 4 1 Combat Bots Only 3 | . 3 . Max Kills in Single Turn 1 | 1 1 1 Gunslinging . | . . . Exploded . | . . . Melee . | . . . Uniques/NPCs Destroyed . | . . . Combat | -11 -10 -10 -------- Run | Yrd Mat Min Hostile Shots Fired 104 | . 90 14 Missed 27 | . 21 6 Damage Taken 1070 | . 837 233 Core 262 | . 146 116 Absorbed by Shields . | . . . Regen/Repaired (Parts) 12 | . 12 . Core Remaining (%) 100 | 100 . . Volleys Fired 68 | 5 59 4 Largest 2 | 2 2 2 Hottest 130 | 90 130 130 Shots Fired 136 | 10 118 8 Gun 136 | 10 118 8 Cannon . | . . . Launcher . | . . . Special . | . . . Kinetic 57 | . 57 . Thermal 79 | 10 61 8 Explosive . | . . . Electromagnetic . | . . . Robot Hit Streak 12 | 5 12 2 Robot Miss Streak 6 | 3 5 6 Penetration Max . | . . . Secondary Targets . | . . . Shots Hit Robots 90 | 6 81 3 Core Hits 29 | 3 24 2 Critical Kills . | . . . Critical Parts Destroyed 1 | . 1 . Critical Strikes 6 | . 6 . Burn 5 | . 5 . Destroy 1 | . 1 . Melee Attacks . | . . . Impact . | . . . Slashing . | . . . Piercing . | . . . Sneak Attacks . | . . . Combat Hostiles . | . . . Follow-up Attacks . | . . . Damage Inflicted 1194 | 86 1043 65 Guns 1194 | 86 1043 65 Cannons . | . . . Explosions . | . . . Melee . | . . . Ramming . | . . . Kinetic 516 | . 516 . Thermal 678 | 86 527 65 Explosive . | . . . Electromagnetic . | . . . Impact . | . . . Slashing . | . . . Piercing . | . . . Highest Corruption . | . . . Average Corruption . | . . . Corruption Purged . | . . . Corruption Blocked . | . . . Overload Shots . | . . . Overflow Damage . | . . . Projectiles . | . . . Explosions . | . . . Melee . | . . . Knockbacks . | . . . Impact . | . . . Kinetic . | . . . Secondary . | . . . Self-Inflicted Damage . | . . . Shots . | . . . Rammed . | . . . Targets Rammed . | . . . Kicked . | . . . Crushed . | . . . Highest Temperature 240 | 130 240 78 Average Temperature 63 | 72 64 32 Received Heat Transfer 492 | . 492 . Siege Activations . | . . . Robots Corrupted . | . . . Combat Hostiles . | . . . Parts Fried . | . . . Impact Corruptions . | . . . Robots Melted 2 | . 2 . Combat Hostiles 1 | . 1 . Parts Melted 4 | . 3 1 Heat Transferred 2128 | 223 1757 148 Parts Sabotaged . | . . . Parts Stolen . | . . . Parts Stripped . | . . . Power Chain Reactions . | . . . Alert | -11 -10 -10 ------- Run | Yrd Mat Min Peak Influence 166 | 10 166 28 Initial 23 | . 6 23 Average 56 | 2 74 21 Maximum Alert Level . | . . . Low Security (%) 100 | 100 100 100 Level 1 . | . . . Level 2 . | . . . Level 3 . | . . . Level 4 . | . . . Level 5 . | . . . High Security . | . . . Max Security . | . . . Squads Dispatched 2 | . 2 . Investigation 1 | . 1 . Extermination . | . . . Reinforcement 1 | . 1 . Assault . | . . . Garrison . | . . . Intercept . | . . . Searches Triggered . | . . . Construction Impeded . | . . . Haulers Reinforced . | . . . Active Scanning Responses . | . . . Cargo Convoy Interrupts . | . . . Stealth | -11 -10 -10 --------- Run | Yrd Mat Min Distress Signals 1 | . 1 . Communications Jammed . | . . . Distress Signals . | . . . Times Spotted 38 | . 20 18 Peak Tracking Total 12 | . 5 12 Tactical Retreats . | . . . Traps | -11 -10 -10 ------- Run | Yrd Mat Min Traps Triggered . | . . . Indirectly . | . . . Trap Hack Attempts . | . . . Triggered . | . . . Disarmed . | . . . Reprogrammed . | . . . Reused . | . . . Traps Extracted . | . . . Installed . | . . . Triggered . | . . . Machines | -11 -10 -10 ---------- Run | Yrd Mat Min Machines Disabled 1 | . 1 . Max in Single Turn 1 | . 1 . Machines Repaired . | . . . Machines Dismantled . | . . . Machines Sabotaged . | . . . Overloaded Fab Kills . | . . . Hacking | -11 -10 -10 --------- Run | Yrd Mat Min Machines Accessed 8 | . 8 . Terminals 7 | . 7 . Fabricators . | . . . Repair Stations 1 | . 1 . Recycling Units . | . . . Scanalyzers . | . . . Garrison Access . | . . . Total Hacks 27 | . 27 . Successful 14 | . 14 . Failed 12 | . 12 . Catastrophic 1 | . 1 . Database Lockouts 1 | . 1 . Manual 10 | . 10 . Terminals 25 | . 25 . Fabricators . | . . . Repair Stations 2 | . 2 . Recycling Units . | . . . Scanalyzers . | . . . Garrison Access . | . . . Terminal Hacks 8 | . 8 . Robot Analysis 1 | . 1 . Prototype ID Bank 2 | . 2 . Emergency Access Points 1 | . 1 . Terminal Index 1 | . 1 . Zone Layout 3 | . 3 . Fabricator Hacks . | . . . Repair Station Hacks 2 | . 2 . Scan Component 1 | . 1 . Repair 1 | . 1 . Recycling Unit Hacks . | . . . Scanalyzer . | . . . Garrison Access Hacks . | . . . Unauthorized Hacks 4 | . 4 . Terminals 4 | . 4 . Botnet 3 | . 3 . Operators 1 | . 1 . Fabricators . | . . . Repair Stations . | . . . Recycling Units . | . . . Scanalyzers . | . . . Garrison Access . | . . . Data Cores Recovered . | . . . Used . | . . . Hacking Detections 7 | . 7 . Full Trace Events 1 | . 1 . Feedback Events . | . . . Feedback Blocked . | . . . Robot Schematics Acquired . | . . . Robots Built . | . . . Authchips . | . . . Time . | . . . Total Robot Build Rating . | . . . Part Schematics Acquired . | . . . Parts Built . | . . . Authchips . | . . . Time . | . . . Total Part Build Rating . | . . . Parts Repaired 1 | . 1 . Time 26 | . 26 . Parts Recycled . | . . . Recycled Matter . | . . . Retrieved Matter . | . . . Retrieved Components . | . . . Parts Scanalyzed . | . . . Part Schematics Acquired . | . . . Parts Damaged . | . . . Bothacking | -11 -10 -10 ------------ Run | Yrd Mat Min Used RIF Installer . | . . . Robots Hacked . | . . . Non-combat . | . . . Combat . | . . . Robot Hacks Applied . | . . . Relay Couplers Released . | . . . Fabnet Peak Effective % . | . . . Robots Rewired . | . . . Allies Hacked . | . . . Hacks Repelled . | . . . Allies | -11 -10 -10 -------- Run | Yrd Mat Min Total Allies . | . . . Largest Group . | . . . Highest-Rated Group . | . . . Highest-Rated Ally . | . . . Total Orders . | . . . Ally Attacks . | . . . Total Damage . | . . . Kills . | . . . Allies Corrupted . | . . . Allies Melted . | . . . Intel | -11 -10 -10 ------- Run | Yrd Mat Min Robot Analysis Total 1 | . 1 . Derelict Logs Recovered 1 | . . 1 Drone Launches . | . . . Drone Recoveries . | . . . Exploration | -11 -10 -10 ------------- Run | Yrd Mat Min Turns Passed 1748 | 77 1167 504 Spaces Moved 927 | 46 581 300 Core 3 | 3 . . Treads 813 | . 513 300 Legs . | . . . Wheels 111 | 43 68 . Hover . | . . . Flight . | . . . Fastest Speed 50 | 50 95 160 Average Speed 152 | 90 152 162 Slowest Speed 240 | 95 160 240 Overloaded Moves . | . . . Propulsion Burnouts . | . . . Robots Hopped . | . . . Cave-ins Triggered . | . . . Exploration Rate (%) 50 | 3 80 68 Regions Visited 2 Branch Regions 1 Pre-discovered Areas . | . . . Known Exits Taken . | . . . Unknown Exits Taken 2 | 1 1 . Scrap Searched 1 | . . 1 Spaces Dug . | . . . Terrain Destroyed . | . . . Melee . | . . . Projectile . | . . . AOE . | . . . Terrain Rammed . | . . . Walls Destroyed . | . . . Machines Disabled . | . . . Actions | -11 -10 -10 --------- Run | Yrd Mat Min Total 1123 | 71 744 308 Wait 73 | . 71 2 Move 925 | 45 580 300 Hop . | . . . Pick Up 31 | 13 17 1 Fast Attach . | . . . Attach 12 | 7 5 . Detach . | . . . Swap 8 | . 7 1 Drop 6 | 1 5 . Fire 68 | 5 59 4 Melee . | . . . Ram . | . . . Kick . | . . . Crush . | . . . Escape Stasis . | . . . Rewire . | . . . Trap . | . . . Miscellaneous . | . . . Route ------- -11/Scrapyard -10/Materials (discovered 3 exits: [*Mat x2] / [*Min]) -10/Mines (discovered 2 exits: [*Mat] / [*Exi]) History --------- Turn | Location | Event 21 | -11/Scrapyard | Discovered new exit (range 15) 78 | -11/Scrapyard | Entered Materials 155 | -10/Materials | Discovered new exit (range 13) 257 | -10/Materials | Discovered new exit (range 15) 301 | -10/Materials | Build established: Mutant 474 | -10/Materials | Repaired Seismic Detector 561 | -10/Materials | Central database locked down 779 | -10/Materials | Core integrity fell below 50% 804 | -10/Materials | Lost 4 parts (1p1n2w) 866 | -10/Materials | Discovered new exit (range 4) 1117 | -10/Materials | Build established: Scavenger-Mutant 1245 | -10/Materials | Entered Mines 1284 | -10/Mines | Learned 8 Materials zone layouts 1465 | -10/Mines | Received a Rocket Launcher from a helpful Derelict 1561 | -10/Mines | Deemed a non-threat by the Exiles lab entrance 1561 | -10/Mines | Discovered new exit (range 5) 1640 | -10/Mines | Discovered new exit (range 5) 1705 | -10/Mines | Assembled infested the area 1710 | -10/Mines | Assisted by a Guerilla fighting off Assembled 1729 | -10/Mines | Core integrity fell below 20% 1749 | -10/Mines | Destroyed by as-78310 with Assembled Blade Last Messages --------------- 01728_ as-02435 destroyed. 01728_ as-45844 destroyed. 01728_ as-07745 destroyed. 01728_ as-25750 destroyed. 01728_ as-74252 destroyed. 01728_ as-60221 destroyed. 01728_ as-03028 destroyed. 01730_ as-72582 destroyed. 01730_ as-71371 destroyed. 01730_ T-07 Excavator destroyed. 01734_ The unstable cave ceiling collapses. 01738_ D-53 Grenadier suffers critical hit (Destroy). 01738_ D-53 Grenadier destroyed. 01739_ The unstable cave ceiling collapses. 01741_ R-06 Scavenger collects Wheel. 01744_ R-06 Scavenger collects Mining Laser. 01748_ The unstable cave ceiling collapses. 01748_ R-06 Scavenger collects Mining Laser. 01749_ The unstable cave ceiling collapses. Map ----- +----------------------------------------------------+ | | | | | | | | | | | | | ???????????????????????????????????????????????? | | ???????????????????????????????????????????????? | | ???????????????????????????????????????????????? | | ???????????????????????????????????????????????? | | ???????????????????????????????????????????????? | | ???????????????????????????????????????????????? | | ???????????????????????????????????????????????? | | ???????????????????????????????##??????????????? | | ???????????????????????????????? ###???????????? | | ??????????????????????????????### #???????????? | | ?????????????????????????????## #???????????? | | ????????????????????????????## #???????????? | | ???????????????????????????## """ ##??????????? | | ??????????????????????###### """ ##?????????# | | ?????????????????????## """ ##???????## | | ????????????????????## ##??????# | | ????????????????????# ## ### #?????## | | ????????????????????###=### ###?## #????## | | ??????????????????#####%#?## #????# #???## | | ??????????????##### #@#### #????# < ##???# | | ??????????????# # a%r #????# #????# | | ?????????????## #######????## ####?## | | ?????????????# % ##???????????### ##?#### | | ?????????????# #????????????## #????# | | ?????????????# # a # ##???????????## #????? | | ????????????# ##????????????# ##????? | | ????????????# = a# #?????????????# #?????? | | ??????????? =!% #?????????????# ##?????? | | ????????? #==%a # #????????????## #??????# | | ????????# ]=* # ##????????????# ##????## | | ????????# # ?????????????# ##??## | | ???????# #?????????????## ##?# | | ????????#" # #####???????????????## #?# | | ????????## % #?????????????????????## #?## | | ??????????## #??????????????????????## #### | | ????????????????????????????????????# ## | | ????????????????????????????????????## | | ?????????????????????????????????????### | | ???????????????????????????????????????## # | | ????????????????????????????????????????## ## | | ?????????????????????????????????????????## ##? | | ??????????????????????????????????????????####?? | | ??????????????????????????????????????#####????? | | ?????????????????????????????????????## ##???? | +----------------------------------------------------+ Best States ------------- Heat Dissipation 35 Energy Generation 10 Energy Capacity 250 Matter Stores 300 Matter Capacity 300 Sight Range 16 Terrain Scan Range 16 Terrain Scan Density 10 Evasion (%) 44 Recoil Reduction 2 Item Schematics ----------------- None Robot Schematics ------------------ None Fabricated ------------ Nothing Alien Tech Used ----------------- None Achievements -------------- None Challenges ------------ None Game ------ Seed CompactEnergyPlating Manual? 0 Play Time 00:13:46 Cumulative 128.8 hours Start 2024.06.03 @ 20:45:13 End 2024.06.03 @ 20:59:33 Sessions 1 Manual Loads 0 Difficulty Rogue Special Mode None Game No. 113 Rogue 108 Adventurer 5 Explorer 0 Win Type - Total 2 Types 2/0/0/0/0/0/0/0/0 Lore% 61 Gallery% 68 Achievement% 47 Wizard Run 0 Options --------- Layout 2 ASCII 0 Keyboard 0 Movement Mouse Keybinds 0 Fullscreen 2 Font 24/Smallcaps Map View 50x44 Zoom Use 0% Tactical HUD 1 Map Filters NONE Filters NONE Steam 1 RUN: 1317fdca-f19e-465b-8237-148c2ff5dc84